 Dungeon Crawl Stone Soup version 0.20.1-1-g8b1a95d (webtiles) character file.

1710 renl the Grappler (level 9, -13/70 HPs)
             Began as a Ghoul Gladiator on July 10, 2017.
             Engulfed by a cloud of flame (18 damage)
             ... on level 6 of the Dungeon.
             The game lasted 00:19:57 (4313 turns).

renl the Grappler (Ghoul Gladiator)                 Turns: 4313, Time: 00:19:58

Health: -13/70     AC:  8    Str: 18    XL:     9   Next: 3%
Magic:  8/8        EV: 11    Int:  3    God:    Xom [.*....]
Gold:   388        SH:  0    Dex: 13    Spells: 8/8 levels left

rFire    . . .     SeeInvis .     - Unarmed
rCold    + . .     Gourm    .   (no shield)
rNeg     + + +     Faith    .   h - +0 scale mail
rPois    ∞         Spirit   .   b - +0 helmet
rElec    .         Reflect  .   (no cloak)
rCorr    .         Harm     .   (no gloves)
MR       .....                  (no boots)
Stlth    ..........             (no amulet)
Regen    0.3/turn               (no ring)
MPRegen  0.2/turn               (no ring)

@: very slightly contaminated, rotting
A: rotting body, claws 1, carnivore 3, cold resistance 1, negative energy
resistance 3, inhibited regeneration, torment resistance, unbreathing
a: Renounce Religion


You were on level 6 of the Dungeon.
You worshipped Xom.
You were a plaything of Xom.
You were not hungry.

You visited 1 branch of the dungeon, and saw 6 of its levels.
You also visited: Sewer.

You collected 388 gold pieces.

Inventory:

Missiles
 c - 3 throwing nets (quivered)
Armour
 b - a +0 helmet (worn)
 h - a +0 scale mail (worn)
Wands
 E - a wand of disintegration (4/24)
 F - a wand of confusion (48/48)
Scrolls
 e - a scroll of remove curse
 i - 4 scrolls of identify
 m - 2 scrolls of noise
 o - a scroll of blinking
 u - 4 scrolls of teleportation
 y - a scroll of enchant armour {unknown}
 G - a scroll of random uselessness {unknown}
Potions
 g - a potion of haste {unknown}
 j - 8 potions of curing
 k - 3 potions of magic {unknown}
 l - 3 potions of lignification {unknown}
 p - 2 potions of mutation {unknown}
 q - a potion of invisibility {unknown}
 r - a potion of flight {unknown}
 v - 3 potions of agility {unknown}
 w - 3 potions of brilliance {unknown}
 z - 4 potions of might {unknown}
 A - 3 potions of heal wounds {unknown}
 C - a potion of degeneration {unknown}
 D - 2 potions of cancellation {unknown}
Books
 B - a book of Callings

   Spells                             Type                      Level
   a - Summon Small Mammal            Summoning                    1
   b - Call Imp                       Summoning                    2
   c - Call Canine Familiar           Summoning                    3
   d - Summon Guardian Golem          Hexes/Summoning              3
   e - Summon Lightning Spire         Summoning/Air                4
   f - Summon Ice Beast               Ice/Summoning                4
Comestibles
 d - 2 meat rations
 f - 5 chunks of flesh
 t - 2 royal jellies


   Skills:
 + Level 3.4 Fighting
 - Level 1.7 Throwing
 + Level 3.8 Armour
 + Level 4.2 Dodging
 * Level 10.6 Unarmed Combat


You had 8 spell levels left.
You didn't know any spells.

Dungeon Overview and Level Annotations

Branches:
Dungeon (6/15)
 Temple: D:4-7

Altars:
Fedhas
Hepliaklqana
Nemelex Xobeh
Okawaru
Ru
Sif Muna
Trog
Xom
Yredelemnul
Zin
The Shining One


Innate Abilities, Weirdness & Mutations

Your body is rotting away.
You thrive on raw meat.
You are immune to poison.
You have sharp fingernails.
You are carnivorous and can eat meat at any time.
Your flesh is cold resistant. (rC+)
You are immune to negative energy. (rN+++)
You do not regenerate when monsters are visible.
You are immune to unholy pain and torment.
You can survive without breathing.


Message History

Xom thinks this is hilarious!
The adder bites you but does no damage.
You claw the adder!
The adder is almost dead.
The adder barely misses you.
You claw the adder!
The adder explodes!
The fiery explosion engulfs something.
The fiery explosion engulfs you!
Reactivating autopickup.
You have reached level 9!
Your experience leads to an increase in your attributes!
Increase (S)trength, (I)ntelligence, or (D)exterity?
You feel agile.
You feel a bit more experienced. The fiery explosion engulfs you!
Ouch! That really hurt!
* * * LOW HITPOINT WARNING * * *
A shower of butterflies erupts from you!
You are engulfed in blazing flames.
You die...
Xom bursts into laughter!

##...#.#*****,,,#*,******,,**
###÷#.######..>#*** **,,,
#.....÷%...#,,,,** ***,
###.####...#***,,**** *,
####..####!#....,*,,,,** *,
#....###...**###,,,,,,,****,
#.#......§§# ******,,,,,,,
#.#......§b### **,,,**,
##.#....%%b§@.#**** *****,,,,
#..##########.....#**,,,,,*,,
#.## *####.#*,,,,,,,,, #.#
*,*,,,,,,,,,, #.# #####
*,,,,,,,,,,,,
##.###..<########**,,,,,,,,,,,
##..##..#.........,,,,,,,,,,,,,
#..##..###########***,,,,,,,,,,
#.###.## *,,,,,,,,,,


There were no monsters in sight!

Vanquished Creatures
  Pikel (D:5)
  Edmund (D:4)
  Duvessa (D:5)
  2 slaves (D:5)
  3 sky beasts
  An ogre (D:4)
  2 big kobolds (Sewer)
  A bullfrog (D:6)
  A jelly (D:5)
  2 orc priests
  A hound (D:5)
  Jessica (D:2)
  An iguana (D:4)
  2 orc wizards (D:4)
  Robin (D:4)
  8 adders
  5 river rats (Sewer)
  4 oozes
  An adder skeleton (D:4)
  An adder zombie (D:5)
  5 worms
  A dart slug (D:1)
  9 leopard geckos
  9 orcs
  10 bats
  10 giant cockroaches
  12 hobgoblins
  5 jackals
  2 quokkas (D:4)
  9 ball pythons
  3 frilled lizards
  15 goblins
  18 kobolds
  A leopard gecko skeleton (D:4)
  A quokka skeleton (D:5)
  24 rats
174 creatures vanquished.

Vanquished Creatures (others)
  A slave (D:5)
  Dowan (D:5)
  A howler monkey (D:5)
  3 orcs (D:5)
6 creatures vanquished.

Grand Total: 180 creatures vanquished

Notes
Turn   | Place    | Note
-------+----------+-------------------------------------------
     0 | D:1      | renl the Ghoul Gladiator began the quest for the Orb.
     0 | D:1      | Reached XP level 1. HP: 17/17 MP: 0/0
    14 | D:1      | Reached XP level 2. HP: 17/24 MP: 1/1
    78 | D:1      | Reached skill level 4 in Unarmed Combat
   309 | D:1      | Reached XP level 3. HP: 29/29 MP: 2/2
   635 | D:2      | Noticed Jessica
   639 | D:2      | Killed Jessica
   639 | D:2      | Reached XP level 4. HP: 36/36 MP: 3/3
   701 | D:2      | Found a glowing golden altar of the Shining One.
   705 | D:2      | Found a basalt altar of Yredelemnul.
   726 | D:2      | Reached skill level 5 in Unarmed Combat
  1082 | D:2      | Found a hazy altar of Hepliaklqana.
  1450 | D:3      | Reached skill level 1 in Armour
  1450 | D:3      | Reached XP level 5. HP: 24/42 MP: 4/4
  1715 | D:3      | Found a glowing silver altar of Zin.
  1804 | D:3      | Found a glowing drain.
  1847 | Sewer    | Entered a sewer
  1856 | Sewer    | Reached skill level 6 in Unarmed Combat
  1976 | Sewer    | Reached XP level 6. HP: 28/50 MP: 5/5
  2178 | Sewer    | Reached skill level 7 in Unarmed Combat
  2299 | Sewer    | Reached XP level 7. HP: 50/56 MP: 6/6
  2684 | D:4      | Noticed Robin
  2694 | D:4      | Killed Robin
  2764 | D:4      | Found an iron altar of Okawaru.
  3104 | D:4      | Noticed Edmund
  3141 | D:4      | Killed Edmund
  3141 | D:4      | Reached skill level 8 in Unarmed Combat
  3194 | D:4      | Found a bloodstained altar of Trog.
  3350 | D:5      | Entered Level 5 of the Dungeon
  3354 | D:5      | Noticed Pikel
  3389 | D:5      | Killed Pikel
  3389 | D:5      | Reached skill level 9 in Unarmed Combat
  3389 | D:5      | Reached XP level 8. HP: 41/63 MP: 7/7
  3693 | D:5      | Reached skill level 10 in Unarmed Combat
  3702 | D:5      | Killed Dowan
  3759 | D:5      | Found a shimmering altar of Xom.
  3762 | D:5      | Found a sparkling altar of Nemelex Xobeh.
  3767 | D:5      | Became a worshipper of Xom the Begetter of Turbulence
  3795 | D:5      | Found a blossoming altar of Fedhas.
  3795 | D:5      | Found a sacrificial altar of Ru.
  3851 | D:5      | XOM: smoke on damage
  3856 | D:5      | Found a deep blue altar of Sif Muna.
  3946 | D:5      | XOM: silly message
  4032 | D:5      | XOM: mild Conj miscast
  4058 | D:5      | Noticed Duvessa
  4071 | D:5      | Killed Duvessa
  4313 | D:6      | Reached XP level 9. HP: 46/70 MP: 8/8
  4313 | D:6      | XOM: butterfly on damage
  4313 | D:6      | Engulfed by a cloud of flame

Skill      XL: |  1  2  3  4  5  6  7  8 |
---------------+-------------------------+-----
Unarmed Combat | 4 5 6 7 9 10 | 10.6
Dodging        | 3 4 |  4.2
Armour         | 1 2 3 |  3.8
Fighting       | 3 |  3.4
Throwing       | |  1.7

Action                   |  1- 3 |  4- 6 |  7- 9 || total
-------------------------+-------+-------+-------++-------
Melee: Unarmed           |    57 |   289 |   190 ||   536
       Punch             |     2 |     8 |     6 ||    16
  Use: Scroll            |       |     2 |     7 ||     9
 Stab: Distracted        |       |       |     1 ||     1
  Eat: Chunk             |     3 |    27 |    26 ||    56
Armor: Leather armour    |     3 |       |       ||     3
       Scale mail        |    24 |   152 |    60 ||   236
Dodge: Dodged            |    37 |   212 |    82 ||   331
